AoeStats
← tobinho_125

Fortress

507812430Analyzed
4v4 RM · 12d ago on Sep 19, 2026· 46m 7s· 8 players
Game mode
Random Map
Map size
Huge
Population
200
Speed
Normal
Resources
Standard
Victory
Conquest
Starting age
Dark Age
Ending age
Imperial Age
RankedLock teamsTeams togetherTeam positionsShared explorationLock speedFull tech treeHidden civsTurbo modeCheats
Victory
Defeat
🇩🇪 Hindustanis · Germany
920
+13
🇩🇪 Spanish · Germany
903
+13
🇩🇪 Turks · Germany
898
+14
🇧🇷 Teutons · Brazil
884
+14
🇩🇰 Ethiopians · Denmark
916
-17
🇩🇰 Vietnamese · Denmark
832
-16
🇩🇰 Bohemians · Denmark
820
-12
🇩🇰 Magyars · Denmark
818
-12
AGOFEM
4:33 Loom
9:40 Feudal Age
13:54 Castle Age
11:37 Horse Collar
11:46 Double-Bit Axe
13:06 Wheelbarrow
15:27 Caravan
16:27 Heavy Plow
17:02 Bow Saw
24:41 Bloodlines
28:24 Imperial Age
25:55 Gold Mining
27:39 Coinage
28:37 Cavalier
30:05 Paladin
32:10 Chemistry
33:45 Scale Barding Armor
33:51 Forging
39:02 Chain Barding Armor
39:18 Iron Casting
44:50 Plate Barding Armor
45:15 Blast Furnace
tobinho_125
8:23 Feudal Age
6:40 Loom
12:48 Castle Age
12:42 Wheelbarrow
18:38 Scale Barding Armor
18:34 Padded Archer Armor
18:59 Gold Mining
19:00 Stone Mining
18:57 Double-Bit Axe
19:46 Town Watch
21:34 Forging
22:14 Horse Collar
23:35 Bow Saw
24:00 Husbandry
24:19 Leather Archer Armor
24:40 Iron Casting
29:48 Imperial Age
27:34 Caravan
28:26 Hand Cart
28:12 Town Patrol
29:10 Grand Trunk Road
29:50 Heavy Plow
29:49 Heavy Camel Rider
31:42 Shatagni
32:02 Conscription
32:54 Ballistics
32:30 Murder Holes
33:38 Chemistry
34:00 Imperial Camel Rider
35:50 Stone Shaft Mining
35:52 Gold Shaft Mining
37:32 Scale Mail Armor
37:53 Chain Barding Armor
38:04 Ring Archer Armor
37:24 Fletching
39:54 Light Cavalry
40:45 Bloodlines
42:24 Plate Barding Armor
42:05 Chain Mail Armor
42:50 Blast Furnace
41:41 Fletching
Cramgee
8:52 Feudal Age
10:56 Double-Bit Axe
10:53 Horse Collar
16:18 Castle Age
16:33 Gold Mining
16:35 Stone Mining
18:17 Wheelbarrow
19:24 Scale Barding Armor
22:44 Fletching
23:06 Forging
30:03 Imperial Age
30:35 Bodkin Arrow
30:40 Padded Archer Armor
31:10 Bow Saw
32:02 Fortified Wall
34:54 Ballistics
38:30 Conscription
38:47 Hoardings
41:53 Treadmill Crane
morewinemoreshine
7:55 Feudal Age
8:25 Double-Bit Axe
8:24 Horse Collar
12:48 Castle Age
11:56 Loom
14:41 Bow Saw
19:44 Bloodlines
19:36 Husbandry
20:41 Gold Mining
21:38 Stone Mining
22:03 Caravan
22:50 Wheelbarrow
23:54 Town Watch
24:29 Hand Cart
28:54 Imperial Age
27:29 Scale Barding Armor
27:35 Forging
27:16 Fletching
26:49 Light Cavalry
28:14 Town Patrol
28:59 Cavalier
29:04 Hussar
30:11 Fortified Wall
31:01 Conscription
31:42 Paladin
32:45 Chain Barding Armor
33:01 Iron Casting
33:24 Heavy Plow
36:36 Two-Man Saw
36:37 Masonry
39:15 Plate Barding Armor
39:41 Blast Furnace
38:36 Bodkin Arrow
39:04 Ballistics
42:42 Chemistry
42:13 Architecture
43:08 Bodkin Arrow
43:14 Murder Holes
MiniYT
8:16 Feudal Age
9:21 Double-Bit Axe
9:21 Horse Collar
11:23 Gold Mining
15:37 Castle Age
14:52 Bloodlines
15:17 Scale Barding Armor
16:55 Corvinian Army
19:28 Stone Mining
21:13 Chain Barding Armor
22:00 Loom
23:58 Bow Saw
32:05 Imperial Age
30:29 Gold Shaft Mining
31:42 Heavy Plow
32:36 Elite Magyar Huszar
35:47 Plate Barding Armor
44:34 Chemistry
45:51 Guard Tower
mpbror
9:14 Feudal Age
9:48 Double-Bit Axe
11:16 Horse Collar
14:08 Castle Age
15:23 Bow Saw
15:16 Heavy Plow
15:57 Wheelbarrow
17:59 Ballistics
28:01 Imperial Age
27:50 Pikeman
28:36 Elite Hussite Wagon
29:34 Wagenburg Tactics
29:47 Halberdier
31:49 Hand Cart
38:10 Man-at-Arms
46:04 Hussite Reforms
Hej jeg hedder Leif
6:59 Loom
8:45 Feudal Age
10:16 Wheelbarrow
15:18 Castle Age
14:28 Double-Bit Axe
14:26 Horse Collar
15:30 Fletching
15:41 Padded Archer Armor
16:25 Crossbowman
17:02 Bodkin Arrow
20:38 Bow Saw
21:58 Heavy Plow
27:43 Imperial Age
26:30 Thumb Ring
26:38 Squires
28:37 Arbalester
32:35 Ballistics
33:15 Chemistry
32:08 Halberdier
33:55 Bracer
34:11 Leather Archer Armor
38:52 Fortified Wall
44:09 Two-Man Saw
CYBER
11:09 Feudal Age
14:29 Castle Age
12:20 Double-Bit Axe
12:17 Horse Collar
12:29 Gold Mining
12:33 Stone Mining
13:53 Fletching
14:03 Padded Archer Armor
15:10 Heavy Plow
15:28 Bow Saw
16:39 Crossbowman
19:37 Wheelbarrow
18:48 Loom
25:54 Imperial Age
24:14 Scale Barding Armor
24:05 Bodkin Arrow
26:20 Leather Archer Armor
26:27 Chain Barding Armor
26:02 Arbalester
28:19 Crop Rotation
28:52 Two-Man Saw
28:43 Bracer
29:58 Hand Cart
30:38 Thumb Ring
31:39 Paper Money
33:55 Cavalier
34:36 Husbandry
34:47 Bloodlines
37:13 Ring Archer Armor
37:18 Plate Barding Armor
36:55 Forging
43:05 Iron Casting
43:08 Caravan
Connection lost

Rejoining the realm…

Still unreachable

The connection could not be restored.

Session expired

The server has moved on; the page needs a fresh start.